 Dungeon Crawl Stone Soup version 0.17.0-18-gaab0e96 (webtiles) character file.

453 TruthSerum the Chucker (level 7, -2/72 HPs)
             Began as an Ogre Hunter on Nov 12, 2015.
             Slain by Menkaure (24 damage)
             ... on level 4 of the Dungeon.
             The game lasted 00:10:41 (2738 turns).

TruthSerum the Chucker (Ogre Hunter)                Turns: 2738, Time: 00:10:41

Health: -2/72      AC:  5    Str: 18    XL:     7   Next: 5%
Magic:  7/7        EV: 11    Int: 10    God:
Gold:   108        SH:  0    Dex: 12    Spells: 0 memorised, 6 levels left

rFire  x . .     SeeInvis .     n - +2 mace (holy)
rCold  + . .     Clarity  .     u - +2 animal skin
rNeg   . . .     SustAt   .     (no shield)
rPois  .         Gourm    .     (helmet restricted)
rElec  .         Spirit   .     (no cloak)
rCorr  .         Warding  .     (gloves unavailable)
rMut   .         Stasis   .     (boots unavailable)
MR     .....                    (no amulet)
Stlth  +.........               (no ring)
                                j - ring of ice

@: very slightly contaminated, hasted and slowed, not resistant to hostile
enchantments, very unstealthy
A: unfitting armour, tough skin 1
a: no special abilities


You were on level 4 of the Dungeon.
You were not hungry.

You visited 1 branch of the dungeon, and saw 4 of its levels.

You collected 108 gold pieces.

Inventory:

Hand Weapons
 n - a +2 mace of holy wrath (weapon)
Armour
 u - a +2 animal skin (worn)
Jewellery
 j - a ring of ice (left hand)
Scrolls
 c - a scroll of recharging
 i - a scroll of teleportation
Potions
 f - a potion of cancellation
 k - a potion of curing
 m - a potion of magic {unknown}
 o - a potion of degeneration {unknown}
 q - a potion of agility {unknown}
 r - 2 potions of flight {unknown}
 s - a potion of invisibility {unknown}
 t - 2 potions of brilliance {unknown}
Comestibles
 b - 3 chunks of flesh
 e - a bread ration
 g - 9 fruits
 p - a meat ration


   Skills:
 + Level 5.2 Fighting
 + Level 3.5 Maces & Flails
 + Level 5.4 Throwing
 + Level 1.0 Armour
 + Level 3.7 Dodging
 - Level 0.7 Stealth


You had 6 spell levels left.
You didn't know any spells.

Dungeon Overview and Level Annotations

Branches:
Dungeon (4/15)
 Temple: D:4-7

Altars:
Makhleb
Ru
Yredelemnul

Shops:
D:4 %

Annotations:
D:4 Menkaure, Natasha


Innate Abilities, Weirdness & Mutations

You are too large for most types of armour.
You have tough skin (AC +1).


Message History

Natasha zaps a wand.
The puff of frost hits you! You resist.
* * * LOW HITPOINT WARNING * * *
It was a potion of haste.
You feel yourself speed up. The shadow imp barely misses you.
Natasha mumbles some strange words.
You are very lightly contaminated with residual magic.
You barely miss Natasha.
Natasha is heavily wounded.
Natasha mewls in sadness.
Natasha zaps a wand.
Nothing appears to happen.
The shadow imp closely misses you.
The crimson imp blinks!
You hit Natasha.
Natasha is heavily wounded.
Menkaure closely misses you. Natasha casts a spell at you.
You feel yourself slow down. The shadow imp closely misses you.
You barely miss Natasha.
Natasha is heavily wounded.
Menkaure hits you!!
You die...

..### .#.. ..
....##.#. ..##
...#... ....##...5.
#........§##
......#.[..###.
......5h#......
.......@?.#
.....$.M..#
..........#
..........####
#...........)####..
#.....(....<).......
#....(...........∩..
#..............#..##
###..##......#.# .#


You could see Menkaure, Natasha, a crimson imp and a shadow imp.

Vanquished Creatures
  Sigmund (D:3)
  The ghost of gw the Chucker, an amateur TrHu (D:3)
  Ijyb (D:3)
  Robin (D:3)
  5 adders
  4 gnolls (D:3)
  An ooze (D:4)
  2 worms (D:2)
  An orc (D:4)
  A ball python (D:3)
  4 giant cockroaches
  18 goblins
  12 hobgoblins
  3 jackals
  8 kobolds
  A quokka (D:2)
  4 bats
  2 giant geckos
  6 giant newts
  7 rats
83 creatures vanquished.

Notes
Turn   | Place    | Note
--------------------------------------------------------------
     0 | D:1      | TruthSerum the Ogre Hunter began the quest for the Orb.
     0 | D:1      | Reached XP level 1. HP: 22/22 MP: 1/1
   190 | D:1      | Reached XP level 2. HP: 23/29 MP: 2/2
   723 | D:1      | Reached skill level 1 in Maces & Flails
   799 | D:2      | Reached XP level 3. HP: 37/37 MP: 3/3
  1020 | D:2      | Reached XP level 4. HP: 45/48 MP: 4/4
  1513 | D:3      | Noticed Sigmund
  1533 | D:3      | Killed Sigmund
  1533 | D:3      | Reached skill level 5 in Throwing
  1533 | D:3      | Reached XP level 5. HP: 35/55 MP: 5/5
  1533 | D:3      | Reached XP level 6. HP: 40/63 MP: 6/6
  1618 | D:3      | Noticed Robin
  1651 | D:3      | Killed Robin
  1934 | D:3      | Noticed Ijyb
  1963 | D:3      | Killed Ijyb
  2419 | D:3      | Found a basalt altar of Yredelemnul.
  2419 | D:3      | Found a sacrificial altar of Ru.
  2420 | D:3      | Found a burning altar of Makhleb.
  2446 | D:3      | Noticed gw's ghost (amateur TrHu)
  2455 | D:3      | Killed gw's ghost
  2455 | D:3      | Reached skill level 5 in Fighting
  2455 | D:3      | Reached XP level 7. HP: 43/72 MP: 7/7
  2711 | D:4      | Found Udagegh's Food Shoppe.
  2723 | D:4      | Reached skill level 1 in Armour
  2724 | D:4      | Noticed Menkaure
  2726 | D:4      | Noticed Natasha
  2738 | D:4      | Slain by Menkaure

Action                   |  1- 3 |  4- 6 |  7- 9 || total
-------------------------+-------+-------+-------++-------
Melee: Short sword       |    16 |       |       ||    16
       Club              |    31 |       |       ||    31
       Mace              |    19 |   175 |    13 ||   207
Throw: Large rock        |    21 |    16 |     2 ||    39
       Throwing net      |       |     3 |       ||     3
  Use: Scroll            |     7 |       |       ||     7
       Potion            |       |       |     1 ||     1
 Stab: Sleeping          |       |     1 |     1 ||     2
  Eat: Chunk             |       |     5 |     1 ||     6
